cohdb
Replays
Latest Replays
All Replays
Popular Replays
Top Player Replays
Match Explorer
How It Works
Community
CoH3 Stats
Reddit
Sign in to upload your games and track your stats! →
Sign in with Steam
Match 45111280
Unlisted
Match 45111280
Overview
Messages
Build Orders
End
Kettenkrad Recon Vehicle
Construct Infanterie Kompanie
MG 42 Machine Gun Team
Grenadier Squad
MG 42 Machine Gun Team
Grenadier Squad
Construct Luftwaffe Kompanie
221 Scout Car
Jäger Squad
Medical Station
MG 42 Bunker
Jäger Squad
Selects Luftwaffe Battlegroup
Selects Stuka Strafing Run
Construct Panzer Kompanie
Selects Fallschirmjäger Squad Paradrop
Array
BUNGA BUNGA
Merk
Chillzz
0
0
Comments
sign in to comment!
No comments posted yet!